 Dungeon Crawl Stone Soup version 0.32-a0-834-geaf45d8e21 (webtiles) character file.

Game seed: 2483924575101368196

58 javelincjr the Grasshopper (level 3, 0/28 HPs)
             Began as a Demonspawn Warper on Mar 25, 2024.
             Was an Initiate of Qazlal.
             Slain by a river rat (7 damage)
             ... in a sewer.
             The game lasted 00:03:57 (1452 turns).

javelincjr the Grasshopper (Demonspawn Warper)      Turns: 1452, Time: 00:03:57

Health: 0/28       AC:  3    Str: 13    XL:     3   Next: 75%
Magic:  6/6        EV: 10    Int: 13    God:    Qazlal [......]
Gold:   58         SH:  4    Dex: 12    Spells: 2/6 levels left

rFire   . . .        i - +3 whip
rCold   . . .        (no shield)
rNeg    . . .        b - +0 leather armour
rPois   .            (no helmet)
rElec   .            (no cloak)
rCorr   .            (no gloves)
SInv    .            (no boots)
Will    .....        (no amulet)
Stlth   +            (no ring)
HPRegen 0.24/turn    (no ring)
MPRegen 0.10/turn

%: no passive effects
@: lethally poisoned (0 -> -3)
A: condensation shield
a: Renounce Religion


You were in a sewer.
You worshipped Qazlal.
Qazlal was noncommittal.
You visited 1 branch of the dungeon, and saw 3 of its levels.
You also visited: Sewer.

You collected 58 gold pieces.

Inventory:

Hand Weapons
 a - a +0 spear
 i - a +3 whip (weapon)
Missiles
 d - 7 darts of dispersal (quivered)
 e - 5 poisoned darts
Armour
 b - a +0 leather armour (worn)
Magical Staves
 j - a staff of death
Talismans
 k - a serpent talisman
Scrolls
 c - 2 scrolls of blinking
 g - a scroll of vulnerability {unknown}
 m - a scroll of enchant armour {unknown}
Potions
 f - a potion of heal wounds {unknown}
 h - a potion of magic {unknown}
 l - a potion of curing {unknown}
 n - a potion of brilliance {unknown}
 p - 2 potions of enlightenment {unknown}
 q - 2 potions of resistance {unknown}


   Skills:
 + Level 2.3 Fighting
 + Level 2.1 Polearms
 - Level 1.0 Throwing
 + Level 1.5 Armour
 + Level 2.0 Dodging
 + Level 2.3 Spellcasting
 + Level 2.8 Translocations
 * Level 1.0 Shapeshifting


You had 2 spell levels left.
You knew the following spells:

 Your Spells              Type           Power      Damage    Failure   Level
a - Blink                 Tloc           16%        N/A       14%         2
b - Lesser Beckoning      Tloc           16%        N/A       14%         2

Your spell library contained the following spells:

 Spells                   Type           Power      Damage    Failure   Level
 Teleport Other           Tloc           8%         N/A       28%         3
 Manifold Assault         Tloc           8%         N/A       67%         4
 Vhi's Electric Charge    Tloc/Air       10%        N/A       86%         4


Dungeon Overview and Level Annotations

Branches:
Dungeon (3/15)              Sewer (1/1)

Altars:
Qazlal


Innate Abilities, Weirdness & Mutations

A meltable shield of frost defends you. (SH +4)


Message History

You enter the shallow water.
Moving in this stuff is going to be slow.
You block the river rat's attack.
You hit the river rat.
The river rat is heavily wounded.
The river rat closely misses you.
A kobold comes into view.
It is wielding a +0 short sword of venom.
The river rat barely misses you.
The kobold brigand hits the plant with a +0 short sword.
The plant begins to die.
Your unstable footing causes you to fumble your attack.
The kobold shouts!
The kobold brigand hits the plant with a +0 short sword!
The river rat bites you but does no damage.
The kobold brigand hits the plant with a +0 short sword.
A nearby plant withers and dies.
The kobold brigand throws a poisoned dart.
The poisoned dart hits you!
You are poisoned.
You see here a ball python corpse.
Hit: i) +3 whip
Press: ? - help, Dir - move target, f - kobold brigand
Aim: a kobold brigand, wielding a +0 short sword and quivering poisoned darts (about 45% to evade your +3 whip)
Okay, then.
You closely miss the kobold brigand.
You feel very sick. The rat bites you but does no damage.
The kobold brigand hits you with a +0 short sword.
You block the river rat's attack.
You hit the kobold brigand.
The kobold brigand is lightly wounded.
You feel sick. The rat bites you but does no damage.
You block the kobold brigand's attack. The river rat bites you.
You barely miss the kobold brigand.
The kobold brigand is lightly wounded.
You feel sick. The rat closely misses you.
The kobold brigand hits you with a +0 short sword!
* * * LOW HITPOINT WARNING * * *
The river rat bites you!
You die...

# #.~~~P .
#~#.~...
.~#~#~~~.#
.~~....~.#
#~.~.~.##
#~~.K..#
#~.~~.#
######Prr#
~~~~~~K@.#
#######P..#
###P........#
#..PP.∩∩...##
~P#~#....≈≈#
#.≈≈≈≈≈#
#≈≈≈≈≈##
#≈≈≈≈##
#≈≈###


You could see a kobold brigand, a river rat, a kobold and a rat.

Vanquished Creatures
  2 dart slugs (D:2)
  4 ribbon worms
  An orc (D:3)
  4 ball pythons
  2 endoplasms
  4 giant cockroaches
  4 goblins
  3 hobgoblins
  3 kobolds
  2 quokkas
  6 bats
  A frilled lizard (D:2)
  5 rats
41 creatures vanquished.

Notes
Turn   | Place    | Note
-------+----------+-------------------------------------------
     0 | D:1      | javelincjr the Demonspawn Warper began the quest for the
                  | Orb.
     0 | D:1      | Reached XP level 1. HP: 16/16 MP: 3/3
    82 | D:1      | Reached skill level 1 in Throwing
    99 | D:1      | Reached skill level 1 in Armour
   219 | D:1      | Gained mutation: A meltable shield of frost defends you.
                  | (SH +4) [demonic ancestry]
   219 | D:1      | Reached XP level 2. HP: 22/22 MP: 5/5
   891 | D:2      | Reached XP level 3. HP: 24/27 MP: 6/6
   998 | D:2      | Found a faded altar of an unknown god.
  1097 | D:3      | Found a stormy altar of Qazlal.
  1105 | D:3      | Became a worshipper of Qazlal Stormbringer
  1321 | D:3      | Reached skill level 1 in Shapeshifting
  1363 | D:3      | Found a glowing drain.
  1430 | Sewer    | Entered a sewer
  1434 | Sewer    | Learned a level 2 spell: Blink
  1437 | Sewer    | Learned a level 2 spell: Lesser Beckoning
  1439 | Sewer    | Noticed a kobold brigand
  1452 | Sewer    | Slain by a river rat

Illustrated notes

Levels and vault maps discovered:
D:1:      dpeg_arrival_signposts, layout_basic, palyth_stone_intersect
D:2:      layout_basic, hellmonk_ecumenical_altar_inner_sanctum, serial_forest,
          infiniplex_forest_end_3, infiniplex_forest_lined_2,
          infiniplex_forest_lined_room_3, infiniplex_forest_straight_1,
          infiniplex_forest_lined_room_3, infiniplex_forest_lined_room_3,
          infiniplex_forest_lined_4_way, st_stairs_6
D:3:      layout_loops_ring, mainiacjoe_overflow_boulevard,
          portal_sewer_entry_b, kennysheep_cross_bottleneck, uniq_ijyb,
          uniq_sigmund, uniq_jessica
Sewer:    sewer_co_scattered_pipes

Skill      XL: |  1  2  3 |
---------------+----------+-----
Throwing       | 1 |  1.0
Armour         | 1 |  1.5
Polearms       | 2 |  2.1
Dodging        | 2 |  2.0
Shapeshifting  | 1 |  1.0
Fighting       | |  2.3
Spellcasting   | |  2.3
Translocations | |  2.8

Action                     || total
---------------------------++-------
  Melee: Spear             ||    19
         Whip              ||   115
    Use: Scroll            ||     3
 Armour: Leather armour    ||    91
  Dodge: Dodged            ||    72
  Block: Other             ||    19

Table legend: (Time is in decaauts)
 A = Elapsed time spent in this place.
 B = Non-inter-level travel time spent in this place.
 C = Inter-level travel time spent in this place.
 D = Time resting spent in this place.
 E = Time spent auto-exploring this place.
 F = Levels seen in this place.
 G = Mean time per level.
                   A        B        C        D        E       F      G
               +--------+--------+--------+--------+--------+-----+--------+
         Total |   1465 |   1381 |     84 |     29 |    966 |   4 |  366.2 |
       Dungeon |   1441 |   1357 |     84 |     29 |    965 |   3 |  480.3 |
         Sewer |     24 |     24 |      0 |      0 |      1 |   1 |   24.0 |
               +--------+--------+--------+--------+--------+-----+--------+

Top non-repeatable levels by time:
     D:2: 582 daAuts
     D:1: 495 daAuts
     D:3: 364 daAuts
   Sewer: 24 daAuts
